 Dungeon Crawl Stone Soup version 0.28.0-45-g0d030f2227 (webtiles) character file.

Game seed: 6665033934914414249

5000 experimilk the Cleaver (level 10, -3/85 HPs)
             Began as a Palentonga Berserker on Apr 2, 2022.
             Was an Elder of Trog.
             Killed by nerve-wracking pain
             ... invoked by an orc priest
              (7 damage)
             ... on level 9 of the Dungeon.
             The game lasted 00:21:26 (11136 turns).

experimilk the Cleaver (Palentonga Berserker)      Turns: 11136, Time: 00:21:27

Health: -3/85      AC: 17    Str: 24    XL:     10   Next: 29%
Magic:  10/10      EV:  8    Int:  9    God:    Trog [****..]
Gold:   873        SH:  6    Dex:  9    Spells: 9/9 levels left

rFire   . . .      SeeInvis +   I - +3 war axe
rCold   + . .      Faith    .   G - +0 kite shield
rNeg    . . .      Spirit   .   l - +2 ring mail {rC+}
rPois   .          Reflect  .   E - +1 helmet
rElec   .          Harm     .   (no cloak)
rCorr   .          Rampage  .   (no gloves)
Will    .....                   (no barding)
Stlth   ..........              (no amulet)
HPRegen 0.24/turn               (no ring)
MPRegen 0.12/turn               (no ring)

@: mighty, on berserk cooldown, slowed, curled up, very slow
A: large, rugged brown scales 3, see invisible, deformed body, roll 1, armoured
tail, reflexive curl
a: Rolling Charge, Renounce Religion, Berserk, Trog's Hand, Brothers in Arms


You were on level 9 of the Dungeon.
You worshipped Trog.
Trog was greatly pleased with you.
You visited 1 branch of the dungeon, and saw 9 of its levels.
You also visited: Bailey.

You collected 873 gold pieces.

Inventory:

Hand Weapons
 a - a +0 hand axe
 z - a +1 battleaxe
 I - a +3 war axe (weapon)
 J - a +0 antimagic hand axe
Missiles
 g - 19 boomerangs
 h - a throwing net
 t - 29 poisoned darts
 u - 7 curare-tipped darts
 K - 7 datura-tipped darts (quivered)
Armour
 l - a +2 ring mail of cold resistance (worn)
 A - a +0 chain mail
 E - a +1 helmet (worn)
 G - a +0 kite shield (worn)
Jewellery
 n - a ring of fire
 D - an amulet of magic regeneration
Wands
 B - a wand of polymorph (7)
 C - a wand of iceblast (9)
 H - a wand of charming (3)
 L - a wand of acid (6)
 N - a wand of mindburst (5)
Scrolls
 c - a scroll of enchant weapon
 e - 3 scrolls of vulnerability
 f - a scroll of fear
 j - a scroll of brand weapon {unknown}
 m - a scroll of immolation {unknown}
 o - a scroll of blinking {unknown}
 q - a scroll of teleportation
 r - 2 scrolls of enchant armour {unknown}
 s - 4 scrolls of fog
 w - a scroll of acquirement {unknown}
Potions
 b - 2 potions of might
 i - 5 potions of curing
 k - a potion of flight
 p - 2 potions of attraction
 x - a potion of resistance
 M - a potion of lignification {unknown}
 O - a potion of mutation {unknown}
Miscellaneous
 d - a tin of tremorstones (inert)
 y - a piece from Xom's chessboard (15/15)


   Skills:
 + Level 7.8 Fighting
 * Level 11.3 Axes
 - Level 3.0 Throwing
 + Level 5.1 Armour
 - Level 3.0 Dodging


You had 9 spell levels left.
You didn't know any spells.
Your spell library was empty.

Dungeon Overview and Level Annotations

Branches:
Dungeon (9/15)             Temple (0/1) D:7             Orc (0/2) D:9
 Bailey (visited)
   Lair: D:8-11

Altars:
Vehumet
Xom
Yredelemnul
Zin

Annotations:
D:2 1 runed translucent door, Crazy Yiuf


Innate Abilities, Weirdness & Mutations

You are completely covered in rugged brown scales. (AC +3, +7% HP)
You have supernaturally acute eyesight. (SInv)
Armour fits poorly on your strangely shaped body.
You can roll at nearby foes to attack.
You have a long armoured tail.
You curl defensively after being hit. (AC +7*)


Message History

The orc warrior hits you with a +0 mace.
You fail to use your ability.
The orc warrior hits you with a +0 mace!
You block the orc warrior's attack.
You fail to use your ability.
The orc warrior misses you.
The orc priest looks encouraged for a moment.
Throw: 8 darts (datura)
Press: ? - help, Q - select action, (/) - cycle Shift-Dir - straight line, f - orc warrior
Aim: an orc warrior, wielding a +0 mace and wearing a +0 plate armour (severely wounded, 59% to hit, chance to frenzy on hit: 67%)
You throw a datura-tipped dart.
The datura-tipped dart closely misses the orc warrior.
The datura-tipped dart barely misses the orc.
The orc priest casts a cantrip, but nothing happens.
The orc warrior hits you but does no damage.
The orc warrior hits you with a +0 mace!
* * * LOW HITPOINT WARNING * * *
The orc priest mumbles some strange prayers to Beogh against you.
Beogh smites you!
* * * LOW HITPOINT WARNING * * *
Read: 2 scrolls of fear
Press: ? - help, Q - select action, (/) - cycle Dir - look around, f - activate Look: an orc warrior, wielding a +0 mace and wearing a +0 plate armour (severely wounded, chance to affect: 97%)
As you read the scroll of fear, it crumbles to dust.
You assume a fearsome visage.
The orc looks frightened!
The orc warrior looks frightened!
The orc priest looks frightened!
The orc priest looks frightened!
The orc priest gives up.
Items here: ( )) [ †.
You now have 873 gold pieces (gained 13).
Things that are here:
a +0 glaive; a +0 chain mail; an orc corpse The orc priest looks satisfied for a moment.
The orc priest seems to regain its courage.
The orc priest invokes the aid of Beogh against you.
Beogh smites you!
* * * LOW HITPOINT WARNING * * *
The orc priest mumbles some strange prayers to Beogh against you.
Pain shoots through your body!
You die...

#........##
#....^.....
#.......###
######'#...
#############.#.##
#........=........
#.############....
#.# *.... #@# *....
#.# *#... #.# *###
#.# *** #o# *,, #)#
*,* #)# *,* #)#
********,,
***#)#******,,,,,****


You could see an orc priest.

Vanquished Creatures
  A cyclops (D:7)
  Sigmund (D:2)
  A wyvern (D:9)
  A steam dragon (D:6)
  2 water moccasins
  A sky beast (D:6)
  10 orc warriors
  An ogre (D:6)
  A black bear (D:6)
  A hornet zombie (D:6)
  A necrophage (D:8)
  2 centaurs
  A bullfrog (D:7)
  A phantom (D:4)
  8 kobold brigands
  3 scorpions
  5 killer bees (D:8)
  6 howler monkeys
  4 centaur zombies
  2 bullfrog zombies (D:6)
  3 hounds
  A bullfrog skeleton (D:6)
  2 jellies
  4 orc priests
  3 centaur skeletons
  A gnoll shaman (D:6)
  Natasha (thrice) (D:2)
  2 orc wizards
  5 iguanas
  A killer bee zombie (D:6)
  5 gnolls (D:6)
  5 adders
  2 white imps
  An ufetubus (D:3)
  2 worms
  A dart slug (D:5)
  26 orcs
  10 endoplasms
  3 giant cockroaches
  12 goblins
  3 hobgoblins
  5 jackals
  4 quokkas
  5 ball pythons
  7 bats
  6 frilled lizards
  24 kobolds
  6 rats
205 creatures vanquished.

Vanquished Creatures (others)
  An orc priest (D:9)
  An orc (D:9)
2 creatures vanquished.

Grand Total: 207 creatures vanquished

Notes
Turn   | Place    | Note
-------+----------+-------------------------------------------
     0 | D:1      | experimilk the Palentonga Berserker began the quest for the
                  | Orb.
     0 | D:1      | Reached XP level 1. HP: 19/19 MP: 1/1
   269 | D:1      | Reached XP level 2. HP: 25/25 MP: 2/2
   619 | D:1      | Reached skill level 4 in Axes
  1185 | D:1      | Reached XP level 3. HP: 31/31 MP: 3/3
  1191 | D:1      | Reached ** piety under Trog
  1429 | D:2      | Noticed Sigmund
  1445 | D:2      | Killed Sigmund
  1446 | D:2      | Reached skill level 6 in Axes
  1446 | D:2      | Reached XP level 4. HP: 36/37 MP: 4/4
  1446 | D:2      | Reached XP level 5. HP: 42/43 MP: 5/5
  1731 | D:2      | Noticed Natasha
  1741 | D:2      | Killed Natasha
  1778 | D:2      | Noticed Natasha
  1781 | D:2      | Killed Natasha
  1880 | D:2      | Reached XP level 6. HP: 50/50 MP: 6/6
  1934 | D:2      | Noticed Natasha
  1943 | D:2      | Killed Natasha
  2323 | D:2      | Found a runed translucent door.
  2324 | D:2      | Noticed Crazy Yiuf
  3762 | D:4      | Reached *** piety under Trog
  3945 | D:5      | Entered Level 5 of the Dungeon
  3959 | D:5      | Gained mutation: You curl defensively after being hit. (AC
                  | +7*) [Palentonga growth]
  3959 | D:5      | Reached XP level 7. HP: 56/56 MP: 7/7
  3962 | D:5      | Reached skill level 7 in Axes
  5284 | D:6      | Reached XP level 8. HP: 44/65 MP: 8/8
  5287 | D:6      | Reached skill level 8 in Axes
  5298 | D:6      | Reached skill level 5 in Fighting
  5877 | D:6      | Reached skill level 9 in Axes
  6198 | D:6      | Reached skill level 1 in Throwing
  6203 | D:6      | Found a basalt altar of Yredelemnul.
  6978 | D:7      | Found a staircase to the Ecumenical Temple.
  7001 | D:7      | Found a radiant altar of Vehumet.
  7008 | D:7      | Noticed a cyclops
  7011 | D:7      | Reached XP level 9. HP: 66/73 MP: 9/9
  7024 | D:7      | Killed a cyclops
  8147 | D:8      | Found a glowing silver altar of Zin.
  8475 | D:8      | Reached skill level 10 in Axes
  9504 | D:8      | Found a shimmering altar of Xom.
  9726 | D:9      | Reached XP level 10. HP: 76/84 MP: 10/10
  9733 | D:9      | Found a flagged portal.
  9740 | Bailey   | Entered a bailey
 10096 | Bailey   | Reached skill level 11 in Axes
 10616 | Bailey   | Reached skill level 5 in Armour
 10893 | Bailey   | Found a burning altar of Makhleb.
 11120 | D:9      | Reached **** piety under Trog
 11132 | D:9      | HP: 3/85 [orc priest/divine providence (12)]
 11136 | D:9      | Killed from afar by an orc priest

Illustrated notes

Levels and vault maps discovered:
D:1:      lemuel_arrival_muddy, layout_basic, minmay_surrounded
D:2:      layout_rooms, kennysheep_generic_room_8, uniq_sigmund,
          uniq_crazy_yiuf_cottage, uniq_natasha
D:3:      layout_rooms, nicolae_figureground_sparkle
D:4:      layout_basic
D:5:      layout_basic
D:6:      layout_cave_pools, nicolae_yredelemnul_corpse_copse,
          hellmonk_bongcloud_opening, kennysheep_decorative_pillar,
          nrook_campfire
D:7:      layout_loops_ring, fiery_altar_vehumet,
          minmay_temple_entry_statues_fountains
D:8:      layout_basic, xom_butterflies,
          mainiacjoe_overflow_concentric_impassable
D:9:      layout_basic, david_orc_5, enter_bailey_3, minivault_14,
          kennysheep_crisscross

Skill      XL: |  1  2  3  4  5  6  7  8  9 10 |
---------------+-------------------------------+-----
Axes           | 4 6 7 9 10 11 | 11.3
Armour         | 2 3 4 5 |  5.1
Dodging        | 2 3 |  3.0
Fighting       | 4 6 7 |  7.8
Throwing       | 1 3 |  3.0

Action                   |  1- 3 |  4- 6 |  7- 9 | 10-12 || total
-------------------------+-------+-------+-------+-------++-------
Melee: Hand axe          |    68 |   184 |   180 |       ||   432
       Tailslap          |     6 |    14 |    43 |     7 ||    70
       Punch             |       |     4 |     3 |       ||     7
       Battleaxe         |       |       |   114 |    49 ||   163
       War axe           |       |       |       |    24 ||    24
Throw: Boomerang         |       |    10 |     2 |     8 ||    20
       Dart              |       |       |    15 |     8 ||    23
Invok: Berserk           |     1 |     2 |     6 |     4 ||    13
       Trog's Hand       |     1 |     1 |     6 |     2 ||    10
 Abil: Rolling Charge    |     3 |    19 |    28 |     9 ||    59
Evoke: Wand              |       |       |     1 |       ||     1
       Tin of tremorston |       |       |       |     2 ||     2
  Use: Scroll            |     1 |     4 |     8 |     3 ||    16
       Potion            |       |       |     2 |     2 ||     4
 Stab: Sleeping          |     1 |       |       |       ||     1
Armor: Animal skin       |    17 |     6 |       |       ||    23
       Ring mail         |       |    63 |   146 |    37 ||   246
Dodge: Dodged            |    32 |    80 |   157 |    33 ||   302
Block: Kite shield       |       |       |       |     6 ||     6
